 Dungeon Crawl Stone Soup version 0.20.1-1-g8b1a95d (webtiles) character file.

67 Reeggar the Covered (level 3, 0/30 HPs)
             Began as a Demigod Fighter on Oct 9, 2017.
             Succumbed to an adder's poison
             ... on level 2 of the Dungeon.
             The game lasted 00:10:08 (2233 turns).

Reeggar the Covered (Demigod Fighter)               Turns: 2233, Time: 00:10:09

Health: 0/30       AC:  6    Str: 21    XL:     3   Next: 72%
Magic:  5/5        EV:  7    Int: 12    God:
Gold:   103        SH:  9    Dex: 15    Spells: 2/2 levels left

rFire    . . .     SeeInvis .   a - +0 long sword
rCold    . . .     Gourm    .   c - +0 shield
rNeg     . . .     Faith    .   b - +0 scale mail
rPois    .         Spirit   .   k - +0 hat
rElec    .         Reflect  .   (no cloak)
rCorr    .         Harm     .   (no gloves)
MR       .....                  (no boots)
Stlth    ..........             (no amulet)
Regen    0.1/turn               (no ring)
MPRegen  0.1/turn               (no ring)

@: lethally poisoned (0 -> -2), very slightly contaminated, hasted, very quick
A: high mp 1
a: no special abilities


You were on level 2 of the Dungeon.
You were completely stuffed.

You visited 1 branch of the dungeon, and saw 2 of its levels.

You collected 103 gold pieces.

Inventory:

Hand Weapons
 a - a +0 long sword (weapon)
Armour
 b - a +0 scale mail (worn)
 c - a +0 shield (worn)
 k - a +0 hat (worn)
Scrolls
 h - 4 scrolls of identify
 p - a scroll of enchant armour {unknown}
 q - a scroll of noise {unknown}
Potions
 e - 2 potions of lignification
 n - 2 potions of haste
Comestibles
 f - 2 bread rations
 j - 2 royal jellies
 m - a meat ration
 o - a chunk of flesh


   Skills:
 + Level 2.8 Fighting
 + Level 2.5 Long Blades
 + Level 3.5 Armour
 + Level 0.1 Dodging
 + Level 3.1 Shields


You had 2 spell levels left.
You didn't know any spells.

Dungeon Overview and Level Annotations

Branches:
Dungeon (2/15)


Innate Abilities, Weirdness & Mutations

You have an increased reservoir of magic. (+10% MP)


Message History

You eat one of the 4 fruits.
That choko was very bland.
You eat one of the 3 fruits.
Mmmm...
Yummy coconut.
You eat one of the 2 fruits.
That durian smelled terrible... but tasted delicious!
You eat the fruit.
Mmm - a full handful of dates!
You eat one of the 2 meat rations.
That meat ration really hit the spot!
* * * LOW HITPOINT WARNING * * *
You feel sick.
There is a lethal amount of poison in your body!
Blink to where?
Press: ? - help, Dir - move target cursor You are very lightly contaminated with residual magic.
As you read the scroll labeled VUEQAG VIEMOH, it crumbles to dust.
It was a scroll of blinking.
* * * LOW HITPOINT WARNING * * *
You feel sick.
There is a lethal amount of poison in your body!
As you read the scroll labeled IRREAB GEHU, it crumbles to dust.
The scroll dissolves into smoke.
It was a scroll of fog.
You die...

#########
#.......# ####
######.......# ..#
#.§.........§#####
# #.#
..##.#......§§§§@#
##.#.#
###.........§###§#
#....†
#...........# #§#
......#.#
##..........# #.#
.###. #.#
##.######### #.#
.. b.# #.# #.# ...
...# #(# #.## #.
.#.## ##'## #..#
#.##.#.# ##...##
##.# #... #.#


There were no monsters in sight!

Vanquished Creatures
  4 adders (D:2)
  A worm (D:2)
  3 leopard geckos (D:2)
  A giant cockroach (D:2)
  6 goblins
  2 hobgoblins (D:1)
  6 bats
  3 frilled lizards
  2 kobolds (D:2)
  2 rats
30 creatures vanquished.

Notes
Turn   | Place    | Note
-------+----------+-------------------------------------------
     0 | D:1      | Reeggar the Demigod Fighter began the quest for the Orb.
     0 | D:1      | Reached XP level 1. HP: 18/18 MP: 3/3
   861 | D:2      | Reached XP level 2. HP: 20/25 MP: 4/4
  1119 | D:2      | HP: 1/25 [adder (4)]
  1422 | D:2      | Reached XP level 3. HP: 26/30 MP: 5/5
  1431 | D:2      | Found a burning altar of Makhleb.
  1431 | D:2      | Found a radiant altar of Vehumet.
  2223 | D:2      | HP: 1/30 [poisoned by an adder]
  2228 | D:2      | HP: 1/30 [poisoned by an adder]
  2233 | D:2      | Succumbed to an adder's poison

Skill      XL: |  1  2 |
---------------+-------+-----
Long Blades    | 2 |  2.5
Shields        | 3 |  3.1
Armour         | 3 |  3.5
Fighting       | |  2.8
Dodging        | |  0.1

Action                   || total
-------------------------++-------
Melee: Long sword        ||   118
  Use: Scroll            ||     5
       Potion            ||     3
  Eat: Chunk             ||     4
       Fruit             ||     4
       Meat ration       ||     1
Armor: Scale mail        ||    61
Dodge: Dodged            ||    35
Block: Shield            ||    79
       Rpst.: Long sword ||    19
